 Dungeon Crawl Stone Soup version 0.20.1-1-g8b1a95d (console) character file.

114 hilaritas the Cudgeler (level 4, -11/41 HPs)
             Began as a Troll Gladiator on Aug 1, 2017.
             Was an Initiate of the Shining One.
             Mangled by Agrougrou's ghost (13 damage)
             ... on level 3 of the Dungeon.
             The game lasted 00:04:06 (2202 turns).

hilaritas the Cudgeler (Troll Gladiator)            Turns: 2202, Time: 00:04:06

Health: -11/41     AC:  5    Str: 22    XL:     4   Next: 67%
Magic:  3/3        EV: 16    Int:  5    God:    the Shining One [......]
Gold:   120        SH:  0    Dex: 16    Spells: 3/3 levels left

rFire    . . .     SeeInvis .   a - +0 flail
rCold    . . .     Gourm    +   (no shield)
rNeg     . . .     Faith    .   b - +0 robe
rPois    .         Spirit   .   c - +0 hat
rElec    .         Reflect  .   (no cloak)
rCorr    .         Harm     .   (gloves unavailable)
MR       .....                  (boots unavailable)
Stlth    +.........             (no amulet)
Regen    0.6/turn               (no ring)
MPRegen  0.1/turn               (no ring)

@: agile, glowing
A: unfitting armour, claws 3, fast metabolism 3, gourmand, regeneration 1,
shaggy fur 1, tough skin 2
a: Renounce Religion


You were on level 3 of the Dungeon.
You worshipped the Shining One.
The Shining One was noncommittal.
You were very full.

You visited 1 branch of the dungeon, and saw 3 of its levels.

You collected 120 gold pieces.

Inventory:

Hand Weapons
 a - a +0 flail (weapon)
 u - a +0 flail
Missiles
 d - 3 throwing nets (quivered)
Armour
 b - a +0 robe (worn)
 c - a +0 hat (worn)
Jewellery
 r - an uncursed amulet of faith {unknown}
Scrolls
 e - a scroll of magic mapping {unknown}
 h - a scroll of teleportation {unknown}
 i - a scroll of recharging {unknown}
 j - 2 scrolls of remove curse {unknown}
 k - 5 scrolls of identify {unknown}
 m - a scroll of enchant armour {unknown}
 o - a scroll of fear {unknown}
Potions
 p - a potion of mutation {unknown}
 q - a potion of might {unknown}
Books
 t - a book of Misfortune

   Spells                             Type                      Level
   a - Confusing Touch                Hexes                        1
   b - Confuse                        Hexes                        3
   c - Gell's Gravitas                Translocation                3
   d - Petrify                        Transmutation/Earth          4
   e - Metabolic Englaciation         Hexes/Ice                    5
   f - Yara's Violent Unravelling     Hexes/Transmutation          5
Comestibles
 f - 5 bread rations
 g - 2 meat rations
 s - a royal jelly


   Skills:
 - Level 1.5 Fighting
 * Level 4.8 Maces & Flails
 - Level 1.7 Throwing
 - Level 2.4 Dodging
 * Level 1.0 Invocations


You had 3 spell levels left.
You didn't know any spells.

Dungeon Overview and Level Annotations

Branches:
Dungeon (3/15)

Altars:
Ashenzari
Cheibriados
Yredelemnul
The Shining One

Annotations:
D:3 Agrougrou's ghost, weakling FoFi


Innate Abilities, Weirdness & Mutations

You are too large for most types of armour.
You have claws for hands.
Your metabolism is lightning-fast.
You like to eat raw meat.
Your natural rate of healing is unusually fast.
You are covered in fur. (AC +1)
You have very tough skin. (AC +2)


Message History

You feel much better. The hobgoblin closely misses you.
Agrougrou's ghost barely misses you.
You hit Agrougrou's ghost.
Agrougrou's ghost is almost destroyed.
The hobgoblin closely misses you. Agrougrou's ghost hits you!
The hobgoblin hits you.
You hit Agrougrou's ghost but do no damage.
Agrougrou's ghost is almost destroyed.
Agrougrou's ghost hits you!
* * * LOW HITPOINT WARNING * * *
The hobgoblin barely misses you.
You hit Agrougrou's ghost.
Agrougrou's ghost is almost destroyed.
Agrougrou's ghost hits you!
* * * LOW HITPOINT WARNING * * *
The hobgoblin barely misses you.
It was a potion of agility.
You feel agile all of a sudden. Agrougrou's ghost hits you!
You die...

########.....######
#.....[.....
#####...........
###...............
#.................
#.#...............
.######.################
.......g................
######@################
.######W####.......#
...........W.......#####
........................
#########...............
#........##.....
#..<..... #.....
......... #.....
...###... #.....


You could see Agrougrou's ghost and a hobgoblin.

Vanquished Creatures
  Robin (D:2)
  3 gnolls (D:3)
  2 dart slugs
  3 leopard geckos (D:2)
  An orc (D:3)
  2 ball pythons (D:3)
  2 giant cockroaches (D:2)
  14 goblins
  8 hobgoblins
  6 bats
  9 frilled lizards
  7 kobolds
  6 rats
64 creatures vanquished.

Notes
Turn   | Place    | Note
-------+----------+-------------------------------------------
     0 | D:1      | hilaritas the Troll Gladiator began the quest for the Orb.
     0 | D:1      | Reached XP level 1. HP: 19/19 MP: 0/0
    44 | D:1      | Reached skill level 3 in Maces & Flails
   150 | D:1      | Reached XP level 2. HP: 27/27 MP: 1/1
   287 | D:1      | Found a glowing golden altar of the Shining One.
   294 | D:1      | Became a worshipper of the Shining One
   985 | D:2      | Reached XP level 3. HP: 31/33 MP: 2/2
  1196 | D:2      | Noticed Robin
  1209 | D:2      | Killed Robin
  1209 | D:2      | Reached skill level 4 in Maces & Flails
  1390 | D:2      | Reached XP level 4. HP: 41/41 MP: 3/3
  1531 | D:2      | Found a snail-covered altar of Cheibriados.
  1532 | D:2      | Found a basalt altar of Yredelemnul.
  1839 | D:3      | Reached skill level 1 in Invocations
  1917 | D:3      | Found a shattered altar of Ashenzari.
  2176 | D:3      | Noticed Agrougrou's ghost (weakling FoFi)
  2201 | D:3      | HP: 2/41 [Agrougrou's ghost (7)]
  2202 | D:3      | Mangled by Agrougrou's ghost

Skill      XL: |  1  2  3  4 |
---------------+-------------+-----
Maces & Flails | 3 4 |  4.8
Invocations    | 1 |  1.0
Fighting       | |  1.5
Throwing       | |  1.7
Dodging        | |  2.4

Action                   |  1- 3 |  4- 6 || total
-------------------------+-------+-------++-------
Melee: Flail             |   113 |    51 ||   164
  Use: Potion            |       |     3 ||     3
  Eat: Chunk             |    19 |     5 ||    24
Armor: Robe              |    49 |    16 ||    65
Dodge: Dodged            |    59 |    32 ||    91
